 Dungeon Crawl Stone Soup version 0.30-a0-55-g90e3122c3a (webtiles) character file.

Game seed: 442739309703100009

70 Decritt the Trooper (level 4, -1/29 HPs)
             Began as a Gargoyle Fighter on Sept 10, 2022.
             Slain by a worm (5 damage)
             ... on level 3 of the Dungeon.
             The game lasted 00:03:03 (2321 turns).

Decritt the Trooper (Gargoyle Fighter)              Turns: 2321, Time: 00:03:04

Health: -1/29      AC: 10    Str: 22    XL:     4   Next: 21%
Magic:  4/4        EV:  9    Int:  8    God:
Gold:   109        SH:  4    Dex:  9    Spells: 3/3 levels left

rFire   . . .      SeeInvis .    a - +0 flail
rCold   . . .      Faith    .    c - +0 buckler
rNeg    + . .      Spirit   .    b - +0 scale mail
rPois   ∞          Reflect  .    (no helmet)
rElec   +          Harm     .    (no cloak)
rCorr   .          Rampage  .    (no gloves)
Will    .....                    (no boots)
Stlth   ..........               (no amulet)
HPRegen 0.09/turn                (no ring)
MPRegen 0.09/turn                (no ring)

@: no status effects
A: sickness immunity, AC +3, negative energy resistance 1, electricity
resistance, torment resistance 1, petrification resistance
a: no special abilities


You were on level 3 of the Dungeon.
You visited 1 branch of the dungeon, and saw 3 of its levels.

You collected 109 gold pieces.

Inventory:

Hand Weapons
 a - a +0 flail (weapon)
Armour
 b - a +0 scale mail (worn)
 c - a +0 buckler (worn)
Jewellery
 h - a ring of positive energy
Scrolls
 e - a scroll of blinking {unknown}
 f - a scroll of magic mapping {unknown}
 g - 2 scrolls of butterflies {unknown}
 j - 2 scrolls of teleportation {unknown}
Potions
 d - a potion of might
 i - a potion of resistance {unknown}


   Skills:
 * Level 4.1 Fighting
 * Level 3.1 Maces & Flails
 + Level 3.8 Armour
 - Level 3.4 Shields


You had 3 spell levels left.
You didn't know any spells.
Your spell library contained the following spells:

 Spells                   Type           Power      Damage    Failure   Level
 Sandblast                Erth           0%         2d4       82%         1
 Passwall                 Tmut/Erth      0%         N/A       91%         2
 Call Canine Familiar     Summ           0%         N/A       99%         3
 Conjure Flame            Conj/Fire      0%         6-21      99%         3
 Dazzling Flash           Conj/Hex       0%         N/A       99%         3
 Ignite Poison            Fire/Tmut/Pois 0%         N/A       99%         3
 Portal Projectile        Hex/Tloc       0%         N/A       99%         3
 Stone Arrow              Conj/Erth      0%         3d7       99%         3
 Iskenderun's Mystic Bla  Conj/Tloc      0%         2d3       100%        4
 Leda's Liquefaction      Hex/Erth       0%         N/A       100%        4
 Sticky Flame             Conj/Fire      0%         2d3       100%        4
 Starburst                Conj/Fire      0%         6d3       100%        6


Dungeon Overview and Level Annotations

Branches:
Dungeon (3/15)

Altars:
Nemelex Xobeh


Innate Abilities, Weirdness & Mutations

You are immune to sickness and miasma.
Your stone body is resilient. (AC +3)
You are immune to poison.
You resist negative energy. (rN+)
You are resistant to electric shocks. (rElec)
You are resistant to unholy torment.
You are immune to petrification.


Message History

You are frozen.
You barely miss the rat. You block the rat's attack.
The endoplasm barely misses you.
You completely miss the rat. The endoplasm barely misses you.
The rat bites you but does no damage.
You closely miss the rat. The rat bites you but does no damage.
The endoplasm freezes you.
You are frozen.
The endoplasm freezes you.
You are frozen.
* * * LOW HITPOINT WARNING * * *
The rat bites you but does no damage.
You thump the rat!
You kill the rat!
The endoplasm freezes you.
You are frozen.
* * * LOW HITPOINT WARNING * * *
You hit the endoplasm.
The endoplasm is severely wounded.
You block the endoplasm's attack.
Unknown command.
You sock the endoplasm!
You kill the endoplasm!
The worm bites you.
* * * LOW HITPOINT WARNING * * *
You are too injured to fight recklessly!
Unknown command.
You are too injured to fight recklessly!
Unknown command.
You are too injured to fight recklessly!
Unknown command.
You hit the worm.
The worm is lightly wounded.
You hit the worm.
The worm is moderately wounded.
The worm barely misses you.
You sock the worm!
The worm is heavily wounded.
The worm bites you.
You die...

############
#..........#
########..........#
.................>#
..................#
.$....).....#####.#
......w@....# #.#
..).........# #.#
............# #.#
............# #.#
......####### #.#
#....# #.# ####.
#.# #. #.# ........
#####.#


You could see a worm.

Vanquished Creatures
  2 adders
  A worm (D:3)
  A dart slug (D:1)
  2 orcs (D:3)
  4 endoplasms
  2 giant cockroaches
  4 goblins
  4 hobgoblins
  5 kobolds
  A quokka (D:3)
  6 ball pythons
  6 bats
  A frilled lizard (D:1)
  6 rats
45 creatures vanquished.

Notes
Turn   | Place    | Note
-------+----------+-------------------------------------------
     0 | D:1      | Decritt the Gargoyle Fighter began the quest for the Orb.
     0 | D:1      | Reached XP level 1. HP: 14/14 MP: 1/1
   198 | D:1      | Reached XP level 2. HP: 14/19 MP: 2/2
  1038 | D:1      | Reached XP level 3. HP: 24/24 MP: 3/3
  1371 | D:2      | Found a sparkling altar of Nemelex Xobeh.
  1500 | D:2      | Found a faded altar of an unknown god.
  1773 | D:3      | Reached skill level 4 in Fighting
  2129 | D:3      | Reached XP level 4. HP: 29/29 MP: 4/4
  2321 | D:3      | Slain by a worm

Illustrated notes

Levels and vault maps discovered:
D:1:      dpeg_arrival_connections, layout_basic, minmay_misc_feat_tower,
          serial_bayou_pond_d
D:2:      layout_loops_ring, hellmonk_ecumenical_altar_inner_sanctum,
          basic_altar, minmay_tripent
D:3:      layout_basic, mainiacjoe_overflow_chevrons, serial_corexii_hall,
          chequers_hall_statues_wall_a, chequers_hall_statues_wall_a,
          grunt_decor_fettered

Skill      XL: |  1  2  3 |
---------------+----------+-----
Fighting       | 4 |  4.1
Maces & Flails | 3 |  3.1
Armour         | |  3.8
Shields        | |  3.4

Action                   |  1- 3 |  4- 6 || total
-------------------------+-------+-------++-------
Melee: Flail             |   103 |    36 ||   139
Armor: Scale mail        |    68 |    18 ||    86
Dodge: Dodged            |    40 |    21 ||    61
Block: Buckler           |    29 |     6 ||    35

Table legend: (Time is in decaauts)
 A = Elapsed time spent in this place.
 B = Non-inter-level travel time spent in this place.
 C = Inter-level travel time spent in this place.
 D = Time resting spent in this place.
 E = Time spent auto-exploring this place.
 F = Levels seen in this place.
 G = Mean time per level.
                   A        B        C        D        E       F      G
               +--------+--------+--------+--------+--------+-----+--------+
         Total |   2363 |   2313 |     50 |      0 |   1997 |   3 |  787.7 |
       Dungeon |   2363 |   2313 |     50 |      0 |   1997 |   3 |  787.7 |
               +--------+--------+--------+--------+--------+-----+--------+

Top non-repeatable levels by time:
     D:1: 1137 daAuts
     D:2: 634 daAuts
     D:3: 590 daAuts
